 Dungeon Crawl Stone Soup version 0.21-a0-426-g98080a9 (webtiles) character file.

816 rgaf the Spear-Bearer (level 7, -5/55 HPs)
             Began as a Centaur Gladiator on Nov 7, 2017.
             Was an Initiate of Yredelemnul.
             Slain by Prince Ribbit (6 damage)
             ... on level 4 of the Dungeon.
             The game lasted 00:06:27 (3648 turns).

rgaf the Spear-Bearer (Centaur Gladiator)           Turns: 3648, Time: 00:06:27

Health: -5/55      AC: 12    Str: 18    XL:     7   Next: 62%
Magic:  7/7        EV:  5    Int:  7    God:    Yredelemnul [......]
Gold:   244        SH:  0    Dex: 11    Spells: 6/6 levels left

rFire    . . .     SeeInvis .   a - +1 trident
rCold    . . .     Gourm    .   (no shield)
rNeg     . . .     Faith    .   p - +3 chain mail
rPois    .         Spirit   .   c - +1 helmet
rElec    .         Reflect  .   (no cloak)
rCorr    .         Harm     .   (no gloves)
MR       +....                  (no barding)
Stlth    ..........             (no amulet)
HPRegen  0.18/turn              m - ring of protection from magic
MPRegen  0.10/turn              (no ring)

@: very quick
A: hooves 3, deformed body, speed 2, tough skin 3
a: Renounce Religion


You were on level 4 of the Dungeon.
You worshipped Yredelemnul.
Yredelemnul was noncommittal.
You were not hungry.

You visited 2 branches of the dungeon, and saw 6 of its levels.
You also visited: Sewer.

You collected 244 gold pieces.

Inventory:

Hand Weapons
 a - a +1 trident (weapon)
Missiles
 d - 3 throwing nets (quivered)
 j - 19 arrows
Armour
 b - a +0 leather armour
 c - a +1 helmet (worn)
 l - a +0 scale mail
 p - a +3 chain mail (worn)
Jewellery
 m - a ring of protection from magic (left hand)
 F - an uncursed ring of protection from magic
Wands
 A - a wand of random effects (30/48)
Scrolls
 e - 3 scrolls of enchant armour
 g - 4 scrolls of remove curse
 k - 3 scrolls of teleportation {unknown}
 n - 2 scrolls of immolation {unknown}
 t - 2 scrolls of fog {unknown}
 u - a scroll of amnesia {unknown}
 x - a scroll of magic mapping {unknown}
 y - 5 scrolls of identify
 B - 3 scrolls of recharging {unknown}
 D - a scroll of fear {unknown}
Potions
 q - a potion of agility
 r - 2 potions of heal wounds
 s - 3 potions of curing
 v - a potion of might {unknown}
 w - a potion of flight {unknown}
 z - 3 potions of brilliance {unknown}
 C - a potion of mutation {unknown}
 E - a potion of berserk rage {unknown}
Comestibles
 f - 5 bread rations
 h - 4 chunks of flesh
 i - a meat ration
 o - 3 fruits


   Skills:
 - Level 2.0 Fighting
 + Level 8.4 Polearms
 - Level 2.1 Throwing
 - Level 2.1 Dodging


You had 6 spell levels left.
You didn't know any spells.

Dungeon Overview and Level Annotations

Branches:
Dungeon (5/15)             Temple (1/1) D:4

Altars:
Ashenzari
Cheibriados
Dithmenos
Elyvilon
Fedhas
Hepliaklqana
Makhleb
Nemelex Xobeh
Qazlal
Ru
Sif Muna
Vehumet
Wu Jian
Yredelemnul
Zin
The Shining One

Annotations:
D:4 Prince Ribbit


Innate Abilities, Weirdness & Mutations

You have hooves in place of feet.
Armour fits poorly on your strangely shaped body.
You cover ground very quickly.
You have extremely tough skin. (AC +3)


Message History

Prince Ribbit blinks!
The crimson imp blinks!
Prince Ribbit blinks!
A jelly and a skeleton come into view.
The jelly quivers.
Prince Ribbit sighs, "It's not easy being green!"
Prince Ribbit hits you but does no damage.
The ogre hits you with a giant club!!
You climb upwards.
There is a stone staircase leading down here.
The ogre hits you with a giant club!!
* * * LOW HITPOINT WARNING * * *
Prince Ribbit croaks regally.
Prince Ribbit hits you.
* * * LOW HITPOINT WARNING * * *
Prince Ribbit catches a centipede with his tongue.
There is a stone staircase leading up here.
Prince Ribbit hits you!
* * * LOW HITPOINT WARNING * * *
Prince Ribbit hits you.
You die...
Your body rises from the dead as a mindless zombie.

.........# #..##.#
...#####.# #..##.#
.......#.# ##>##.#
..####.#.# #.##.# ..# #.#.#
#.##O# .#####.#.#
#.##.######### .#.....#.#
#.##.........#
.#.....#.#####.##F######.##
.#.............#@........#
.#.....###.###############
.................#
##########.#####.# #.# #.#
##########.#####.#
.................#
##########.####### #.#


You could see Prince Ribbit and an ogre.

Vanquished Creatures
  Grinder (D:2)
  An ogre (D:4)
  4 big kobolds (Sewer)
  2 orc priests (D:4)
  Terence (D:2)
  7 adders
  3 oozes
  An adder skeleton (D:2)
  A worm (D:3)
  6 dart slugs
  3 leopard geckos (D:1)
  3 orcs (D:4)
  12 bats
  6 giant cockroaches
  7 goblins
  8 hobgoblins
  4 jackals
  17 kobolds
  2 quokkas
  4 ball pythons
  3 frilled lizards
  A leopard gecko skeleton (D:4)
  4 rats
101 creatures vanquished.

Notes
Turn   | Place    | Note
-------+----------+-------------------------------------------
     0 | D:1      | rgaf the Centaur Gladiator began the quest for the Orb.
     0 | D:1      | Reached XP level 1. HP: 17/17 MP: 1/1
    21 | D:1      | Reached skill level 3 in Polearms
    98 | D:1      | Reached XP level 2. HP: 24/24 MP: 2/2
   242 | D:1      | Reached XP level 3. HP: 29/29 MP: 3/3
   413 | D:1      | Reached skill level 4 in Polearms
   815 | D:2      | Reached XP level 4. HP: 31/36 MP: 4/4
   943 | D:2      | Noticed Terence
   960 | D:2      | Killed Terence
   962 | D:2      | Reached skill level 5 in Polearms
   995 | D:2      | Found a shattered altar of Ashenzari.
  1500 | D:3      | Reached XP level 5. HP: 41/41 MP: 5/5
  1610 | D:3      | Noticed Grinder
  1643 | D:3      | Paralysed by Grinder for 5 turns
  1660 | D:2      | Killed Grinder
  1660 | D:2      | Reached skill level 6 in Polearms
  1660 | D:2      | Reached XP level 6. HP: 31/48 MP: 6/6
  1852 | D:3      | Found a glowing drain.
  1876 | Sewer    | Entered a sewer
  2114 | Sewer    | Reached skill level 7 in Polearms
  2133 | Sewer    | Reached XP level 7. HP: 40/55 MP: 7/7
  2766 | D:4      | Reached skill level 8 in Polearms
  3284 | D:4      | Found a staircase to the Ecumenical Temple.
  3329 | Temple   | Entered the Ecumenical Temple
  3336 | Temple   | Became a worshipper of Yredelemnul the Dark
  3392 | D:4      | Found a glowing silver altar of Zin.
  3393 | D:4      | Found a white marble altar of Elyvilon.
  3394 | D:4      | Found a glowing golden altar of the Shining One.
  3610 | D:5      | Entered Level 5 of the Dungeon
  3610 | D:5      | Found a blossoming altar of Fedhas.
  3610 | D:5      | Noticed Prince Ribbit
  3648 | D:4      | HP: 1/55 [Prince Ribbit (12)]
  3648 | D:4      | Slain by Prince Ribbit

Vault maps used:
D:1:      dpeg_arrival_stone_temple_mockup, minmay_distorted
D:2:      ashenzari_altar_1, first_bread, minmay_misc_feat_four_crosses,
          minmay_tromino_i2, uniq_terence
D:3:      cheibrodos_sewer_entry_sluice, uniq_grinder
D:4:      cheibrodos_pilgrimage, good_gods_temple_1,
          minmay_temple_entry_glassed_door
D:5:      overflow_temple_1_default, uniq_prince_ribbit1
Temple:   minmay_freezing_vapour_temple
Sewer:    kennysheep_pipe_town

Skill      XL: |  1  2  3  4  5  6  7 |
---------------+----------------------+-----
Polearms       | 3 4 5 6 7 8 |  8.4
Fighting       | |  2.0
Throwing       | |  2.1
Dodging        | |  2.1

Action                   |  1- 3 |  4- 6 |  7- 9 || total
-------------------------+-------+-------+-------++-------
Melee: Trident           |    95 |   146 |    80 ||   321
       Kick              |    14 |    24 |    18 ||    56
  Use: Scroll            |       |     6 |       ||     6
       Potion            |       |     2 |       ||     2
  Eat: Chunk             |       |     3 |     4 ||     7
Armor: Leather armour    |    12 |       |       ||    12
       Scale mail        |    23 |    44 |       ||    67
       Chain mail        |       |    31 |    45 ||    76
Dodge: Dodged            |    34 |    54 |    14 ||   102

Table legend:
 A = Spawn XP
 B = Non-spawn XP
 C = Spawn XP percentage of total XP
 D = Spawn monster count
 E = Non-spawn monster count
 F = Spawn count percentage of total count
 G = Total turns spent on level
                    A         B        C        D         E        F      G
               +---------+---------+-------+---------+---------+-------+---------
         Total |       0 |    1167 |   0.0 |       0 |     101 |   0.0 |  3648
               +---------+---------+-------+---------+---------+-------+---------
           D:1 |       0 |      74 |   0.0 |       0 |      32 |   0.0 |   793
           D:2 |       0 |     377 |   0.0 |       0 |      18 |   0.0 |   714
           D:3 |       0 |      46 |   0.0 |       0 |      12 |   0.0 |   559
           D:4 |       0 |     244 |   0.0 |       0 |      13 |   0.0 |  1042
           D:5 |       0 |       4 |   0.0 |       0 |       2 |   0.0 |    20
         Sewer |       0 |     422 |   0.0 |       0 |      24 |   0.0 |   507
               +---------+---------+-------+---------+---------+-------+---------
